 Dungeon Crawl Stone Soup version 0.29.0-4-gdea44cf6ec (webtiles) character file.

Game seed: 8656786367762672875

80 qw the Chopper (level 4, -2/28 HPs)
             Began as a Gargoyle Fighter on Sept 9, 2022.
             Slain by a gnoll
             ... wielding a +0 halberd
              (5 damage)
             ... on level 2 of the Dungeon.
             The game lasted 00:00:50 (1949 turns).

qw the Chopper (Gargoyle Fighter)                   Turns: 1949, Time: 00:00:51

Health: -2/28      AC: 10    Str: 21    XL:     4   Next: 39%
Magic:  0/4        EV:  9    Int:  9    God:
Gold:   3          SH:  4    Dex:  9    Spells: 3/3 levels left

rFire   . . .      SeeInvis .   Y - +0 war axe
rCold   . . .      Faith    .   c - +0 buckler
rNeg    + . .      Spirit   +   b - +0 scale mail
rPois   inf        Reflect  .   (no helmet)
rElec   +          Harm     .   (no cloak)
rCorr   .          Rampage  .   (no gloves)
Will    .....                   (no boots)
Stlth   ..........              i - amulet of guardian spirit
HPRegen 0.09/turn               (no ring)
MPRegen 0.09/turn               (no ring)

@: no status effects
A: sickness immunity, AC +3, negative energy resistance 1, electricity
resistance, torment resistance 1, petrification resistance
a: no special abilities


You were on level 2 of the Dungeon.
You visited 1 branch of the dungeon, and saw 2 of its levels.

You collected 59 gold pieces.
You spent 56 gold pieces at shops.


Innate Abilities, Weirdness & Mutations

You are immune to sickness and miasma.
Your stone body is resilient. (AC +3)
You are immune to poison.
You resist negative energy. (rN+)
You are resistant to electric shocks. (rElec)
You are resistant to unholy torment.
You are immune to petrification.


   Skills:
 - Level 3.2 Fighting
 + Level 4.1 Axes
 - Level 3.2 Armour
 - Level 3.2 Shields


You had 3 spell levels left.
You didn't know any spells.
Your spell library was empty.

Inventory:

Hand Weapons
 j - a +0 mace
 Y - a +0 war axe (weapon)
Armour
 b - a +0 scale mail (worn)
 c - a +0 buckler (worn)
 g - a +0 chain mail
Jewellery
 i - an amulet of guardian spirit (around neck)
 l - a ring of see invisible
Scrolls
 a - a scroll of enchant weapon {unknown}
 k - a scroll of identify
 n - a scroll of summoning {unknown}
Potions
 d - 2 potions of might
 e - a potion of haste {unknown}
 f - a potion of magic {unknown}
 h - a potion of lignification {unknown}
 m - a potion of flight {unknown}

Dungeon Overview and Level Annotations

Branches:
Dungeon (2/15)

Altars:
Uskayaw

Shops:
D:2 ?(?[


Message History

The jackal bites you but does no damage. x2
You barely miss the jackal. You hit the bush but do no damage. x2
The gnoll hits you from afar with a +0 halberd!
The jackal closely misses you.
The gnoll hits you from afar with a +0 halberd.
The jackal bites you.
You closely miss the jackal. You hit the bush but do no damage. x2
The jackal bites you but does no damage.
The gnoll hits you but does no damage.
You hit the jackal.
The jackal is moderately wounded.
You hit the bush. You hit the bush but do no damage. The jackal bites you.
The gnoll closely misses you.
The jackal bites you but does no damage.
You closely miss the jackal.
The jackal is moderately wounded.
You hit the bush but do no damage. You hit the bush.
The jackal barely misses you. The gnoll hits you but does no damage.
The jackal barely misses you. The gnoll barely misses you.
You closely miss the jackal.
The jackal is moderately wounded.
You hit the bush but do no damage. You hit the bush. The jackal bites you.
The jackal barely misses you. The gnoll barely misses you.
You closely miss the jackal.
The jackal is moderately wounded.
You hit the bush but do no damage. You hit the bush.
The jackal barely misses you. The gnoll barely misses you.
The jackal bites you but does no damage.
You barely miss the jackal.
The jackal is lightly wounded.
You slash the bush! You hit the bush but do no damage.
You block the jackal's attack. The gnoll barely misses you.
You block the jackal's attack.
The gnoll hits you from afar with a +0 halberd!
You closely miss the jackal.
The jackal is lightly wounded.
You hit the bush but do no damage. You slash the bush!
The jackal closely misses you.
The gnoll hits you from afar with a +0 halberd.
You die...

########### #.# ##### #.........#
#.# ......#.#######.# #######.#
.....#.#.. #.# #.......###
...#.#.# #.### #.......'..
#####.#.#.### ##..# #..<....###
...........#.. #..#####.......###
...........#..g#P.....'.......'..
.....##.#.##..hh@..####.......###
........#.##+#+#P.## #.......#
.###.####.. #..# #.......# .# #.#
#######..# #.......# .# #.#
#.#.### #.......# .# #.# #.#.#
#.......# .# #.#### #.#.#
........# # ## #<...# #.#.#
........# # #####...### #.#.# ###


You could see a gnoll and 2 jackals.

Vanquished Creatures
  4 adders (D:2)
  A dart slug (D:1)
  5 ball pythons (D:1)
  5 bats
  2 endoplasms
  3 hobgoblins (D:2)
  3 jackals (D:2)
  4 kobolds
  3 quokkas
  2 frilled lizards
  6 goblins
  A rat (D:2)
39 creatures vanquished.

Notes
Turn   | Place    | Note
-------+----------+-------------------------------------------
     0 | D:1      | qw the Gargoyle Fighter began the quest for the Orb.
     0 | D:1      | Reached XP level 1. HP: 14/14 MP: 1/1
     0 | D:1      | 0 ||| qw: Version: 0.1-a-113-g051387a
     0 | D:1      | 0 ||| qw: Game counter: 7152
     0 | D:1      | 0 ||| qw: Always use a shield: true
     0 | D:1      | 0 ||| qw: God list: Okawaru
     0 | D:1      | 0 ||| qw: Allow faded altars: false
     0 | D:1      | 0 ||| qw: Do Orc after D:15 true
     0 | D:1      | 0 ||| qw: Do second Lair branch before Depths: true
     0 | D:1      | 0 ||| qw: Lair rune preference: random
     0 | D:1      | 0 ||| qw: Plans: Normal, Zot, God:TSO, Crypt, Tomb, Zig,
                  | Orb
     0 | D:1      | 0 ||| PLANNING D:1-11
   133 | D:1      | Reached skill level 2 in Axes
   147 | D:1      | 147 ||| Stepping ~*~*~tactically~*~*~ (stealth).
   234 | D:1      | 234 ||| Stepping ~*~*~tactically~*~*~ (stealth).
   516 | D:1      | Reached XP level 2. HP: 19/19 MP: 2/2
   902 | D:1      | 902 ||| Stepping ~*~*~tactically~*~*~ (stealth).
  1039 | D:1      | 1039 ||| UPGRADING to amulet of guardian spirit.
  1044 | D:1      | 1044 ||| READING scroll labelled COPIGI GEONGUO.
  1045 | D:1      | 1045 ||| READING scroll labelled YNONGE RAMANIE.
  1046 | D:1      | 1046 ||| READING scroll labelled MEMARO JAEGGU.
  1047 | D:1      | 1047 ||| READING scroll labelled XEUFOFR FIDWE.
  1149 | D:2      | Reached skill level 3 in Axes
  1149 | D:2      | Reached XP level 3. HP: 19/23 MP: 3/3
  1203 | D:2      | Found Gulehety's Armour Shoppe.
  1219 | D:2      | 1219 ||| SHOPLISTING +0 chain mail (49 gold, have 41).
  1219 | D:2      | 1219 ||| SHOPLISTING +0 chain mail of willpower (126 gold,
                  | have 41).
  1219 | D:2      | 1219 ||| SHOPLISTING +0 cloak (49 gold, have 41).
  1219 | D:2      | 1219 ||| SHOPLISTING +3 leather armour of fire resistance
                  | (264 gold, have 41).
  1358 | D:2      | Found Cairelom's Weapon Shoppe.
  1363 | D:2      | Found Yxtopsoch's Magic Scroll Shoppe.
  1366 | D:2      | 1366 ||| BUYING +0 mace (30 gold).
  1366 | D:2      | Bought a +0 mace for 30 gold pieces
  1366 | D:2      | 1366 ||| SHOPLISTING +7 demon whip "Guficw" {drain, Int+2}
                  | (732 gold, have 11).
  1366 | D:2      | 1366 ||| SHOPLISTING +7 mace of the Hungering Badger
                  | {spect, rPois} (537 gold, have 11).
  1366 | D:2      | 1366 ||| DROPPING +0 club.
  1384 | D:2      | 1384 ||| SHOPLISTING 3 scrolls of teleportation (99 gold,
                  | have 11).
  1384 | D:2      | 1384 ||| SHOPLISTING scroll of enchant weapon (82 gold,
                  | have 11).
  1384 | D:2      | 1384 ||| SHOPLISTING scroll of identify (22 gold, have 11).
  1384 | D:2      | 1384 ||| SHOPLISTING scroll of teleportation (33 gold, have
                  | 11).
  1756 | D:2      | Reached XP level 4. HP: 28/28 MP: 4/4
  1765 | D:2      | Found Ovvilion's Magic Scroll Shoppe.
  1801 | D:2      | 1801 ||| SHOPLISTING scroll of enchant armour (97 gold,
                  | have 29).
  1801 | D:2      | 1801 ||| SHOPLISTING scroll of fog (52 gold, have 29).
  1801 | D:2      | 1801 ||| BUYING scroll of identify (26 gold).
  1801 | D:2      | Bought a scroll of identify for 26 gold pieces
  1801 | D:2      | 1801 ||| SHOPLISTING scroll of identify (26 gold, have 3).
  1801 | D:2      | 1801 ||| SHOPLISTING scroll of teleportation (39 gold, have
                  | 3).
  1805 | D:2      | Identified the +2 robe of Weak Curiosity {Str+2 Dex+4}
  1808 | D:2      | Found a hide-covered altar of Uskayaw.
  1835 | D:2      | Reached skill level 4 in Axes
  1948 | D:2      | HP: 3/28 [gnoll/+0 halberd (10)]
  1949 | D:2      | Slain by a gnoll

Levels and vault maps discovered:
D:1:      dpeg_arrival_shrine, layout_loops_corners
D:2:      layout_basic, serial_shops, shop, nicolae_square_shop,
          nicolae_shop_bloodbath_and_beyond, nicolae_shop_stone, basic_altar,
          cheibrodos_gnoll_hut

Skill      XL: |  1  2  3  4 |
---------------+-------------+-----
Axes           | 2 3 4 |  4.1
Fighting       | |  3.2
Armour         | |  3.2
Shields        | |  3.2

Action                   |  1- 3 |  4- 6 || total
-------------------------+-------+-------++-------
Melee: War axe           |   112 |    24 ||   136
  Use: Scroll            |     4 |       ||     4
Armor: Scale mail        |    76 |    13 ||    89
Dodge: Dodged            |    64 |    20 ||    84
Block: Buckler           |    19 |     4 ||    23

Table legend:
 A = Non-vault XP
 B = Vault XP
 C = Vault XP percentage of total XP
 D = Non-vault monster count
 E = Vault monster count
 F = Vault count percentage of total count
                 A         B        C        D         E       F
            +---------+---------+-------+---------+---------+-------
      Total |     115 |       0 |   0.0 |      39 |       0 |   0.0
            +---------+---------+-------+---------+---------+-------
        D:1 |      28 |       0 |   0.0 |      16 |       0 |   0.0
        D:2 |      87 |       0 |   0.0 |      23 |       0 |   0.0
            +---------+---------+-------+---------+---------+-------
